 Dungeon Crawl Stone Soup version 0.21.1-1-g345015fe64 (webtiles) character file.

826 Nattfarinn the Jinx (level 7, -2/46 HPs)
             Began as a Vampire Enchanter on May 6, 2018.
             Slain by a gnoll
             ... wielding a +0 flail
              (7 damage)
             ... on level 4 of the Dungeon.
             The game lasted 00:13:36 (7338 turns).

Nattfarinn the Jinx (Vampire Enchanter)             Turns: 7338, Time: 00:13:36

Health: -2/46      AC:  4    Str:  7    XL:     7   Next: 64%
Magic:  3/12       EV: 15    Int: 19    God:
Gold:   77         SH:  0    Dex: 15    Spells: 4/13 levels left

rFire    . . .     SeeInvis +   a - +1 dagger
rCold    + + .     Gourm    .   (no shield)
rNeg     + + +     Faith    .   b - +0 robe
rPois    ∞         Spirit   .   o - +0 helmet
rElec    .         Reflect  .   (no cloak)
rCorr    .         Harm     .   g - +0 pair of gloves
MR       .....                  (no boots)
Stlth    ++++++....             (no amulet)
HPRegen  0.00/turn              (no ring)
MPRegen  0.13/turn              (no ring)

@: bloodless, non-regenerating, hasted, very quick
A: fangs 3, see invisible, unbreathing
a: Bat Form


You were on level 4 of the Dungeon.
You were bloodless.

You visited 1 branch of the dungeon, and saw 5 of its levels.

You collected 182 gold pieces.
You spent 105 gold pieces at shops.

Inventory:

Hand Weapons
 a - a +1 dagger (weapon)
Missiles
 j - 30 poisoned needles
Armour
 b - a +0 robe (worn)
 g - a +0 pair of gloves (worn)
 o - a +0 helmet (worn)
Magical Staves
 m - an uncursed staff of air
Jewellery
 x - an uncursed ring of protection from cold {unknown}
Wands
 w - a wand of acid (10)
Scrolls
 e - 5 scrolls of identify
 f - a scroll of fear {unknown}
 i - 3 scrolls of amnesia {unknown}
 k - a scroll of immolation {unknown}
 l - 3 scrolls of enchant weapon
 s - a scroll of remove curse {unknown}
 u - a scroll of noise {unknown}
 y - a scroll of fog {unknown}
Potions
 d - a potion of haste
 h - 2 potions of curing {unknown}
 n - a potion of mutation {unknown}
 p - a potion of brilliance {unknown}
 q - 3 potions of blood
 r - a potion of ambrosia {unknown}
 t - 2 potions of lignification {unknown}
 v - 2 potions of heal wounds {unknown}
Books
 c - a book of Maledictions

   Spells                             Type                      Level
   a - Corona                         Hexes                        1
   b - Ensorcelled Hibernation        Hexes/Ice                    2
   c - Confuse                        Hexes                        3
   d - Tukima's Dance                 Hexes                        3
   e - Dazzling Spray                 Conjuration/Hexes            3


   Skills:
 - Level 1.1 Short Blades
 + Level 4.6 Dodging
 + Level 7.6 Stealth
 + Level 3.9 Spellcasting
 * Level 8.9 Hexes


You had 4 spell levels left.
You knew the following spells:

 Your Spells              Type           Power        Failure   Level  Hunger
a - Corona                Hex            #####..      1%          1    None
b - Ensorcelled Hibernat  Hex/Ice        ###...       3%          2    ##.....
c - Confuse               Hex            #####...     1%          3    ###....
d - Tukima's Dance        Hex            #####...     1%          3    ###....


Dungeon Overview and Level Annotations

Branches:
Dungeon (5/15)             Temple (0/1) D:4

Altars:

Shops:
D:4 ?

Annotations:
D:5 Eustachio


Innate Abilities, Weirdness & Mutations

You do not heal naturally.
You are immune to poison.
You have razor-sharp teeth.
You have supernaturally acute eyesight. (SInv)
You can survive without breathing.


Message History

The gnoll barely misses you.
The jackal bites you but does no damage.
The gnoll misses you. The jackal misses you.
You climb upwards.
There is a stone staircase leading down here.
Casting: Tukima's Dance
Confirm with . or Enter, or press ? or * to list all spells.
Aiming: Ensorcelled Hibernation
Press: ? - help, Shift-Dir - straight line, f - gnoll
Aim: a gnoll, wielding a flail (chance to defeat MR: 59%)
The gnoll resists with significant effort.
The gnoll misses you. The gnoll hits you with a whip.
* * * LOW HITPOINT WARNING * * *
The jackal barely misses you.
Casting: Ensorcelled Hibernation
Confirm with . or Enter, or press ? or * to list all spells.
You don't have enough magic to cast that spell.
It was a potion of haste.
You feel yourself speed up. The jackal closely misses you.
The gnoll hits you with a flail!
You die...

########.....#
#.....[...8#.##
#.######.#(#..#
#.#.....8.∩.8.#
#.#.##...#.#.##
#.#.##.#.#8#.#
####......#.#.#.#
#.##...####.#.#.#
#.##.[.#@##.#.#.#
#......hgg#.#.#.#
#####.##.##.#.#.#
#.......#>#.#
#..#.####.#.#
#..#......#.#
#..########.#
#......#..#.#
#.#..#.#..#.#


You could see 2 gnolls and a jackal.

Vanquished Creatures
  Grinder (D:3)
  Sigmund (D:3)
  A phantom (D:4)
  Blork the orc (D:4)
  An orc priest (D:4)
  An orc wizard (D:4)
  Jessica (D:3)
  3 worker ants (D:4)
  Robin (D:3)
  5 adders
  2 gnolls (D:2)
  2 oozes
  2 adder skeletons
  A worm (D:2)
  3 dart slugs
  3 leopard geckos
  4 orcs (D:4)
  A ball python (D:4)
  6 bats
  A giant cockroach (D:2)
  8 hobgoblins
  6 jackals
  5 kobolds
  4 frilled lizards
  18 goblins
  A leopard gecko skeleton (D:4)
  6 rats
89 creatures vanquished.

Vanquished Creatures (collateral kills)
  A gnoll (D:5)
1 creature vanquished.

Grand Total: 90 creatures vanquished

Notes
Turn   | Place    | Note
-------+----------+-------------------------------------------
     0 | D:1      | Nattfarinn the Vampire Enchanter began the quest for the Orb.
     0 | D:1      | Reached XP level 1. HP: 13/13 MP: 3/3
   130 | D:1      | Reached XP level 2. HP: 19/19 MP: 5/5
   134 | D:1      | Learned a level 2 spell: Ensorcelled Hibernation
   648 | D:1      | Reached skill level 5 in Hexes
  1095 | D:2      | Reached XP level 3. HP: 24/24 MP: 3/6
  1108 | D:2      | Reached skill level 5 in Stealth
  1879 | D:2      | Reached XP level 4. HP: 27/30 MP: 2/7
  2536 | D:2      | Reached skill level 6 in Hexes
  2568 | D:2      | Learned a level 3 spell: Confuse
  2961 | D:3      | Noticed Jessica
  2962 | D:3      | Killed Jessica
  2962 | D:3      | Reached XP level 5. HP: 35/35 MP: 7/9
  3063 | D:3      | Noticed Robin
  3333 | D:3      | Killed Robin
  3813 | D:3      | Noticed Grinder
  3872 | D:3      | Paralysed by Grinder for 6 turns
  3894 | D:3      | Paralysed by Grinder for 5 turns
  4367 | D:3      | Killed Grinder
  4367 | D:3      | Reached skill level 7 in Hexes
  4367 | D:3      | Reached XP level 6. HP: 10/41 MP: 4/10
  4840 | D:3      | Noticed Sigmund
  4884 | D:3      | Killed Sigmund
  4884 | D:3      | Reached skill level 8 in Hexes
  4884 | D:3      | Reached XP level 7. HP: 46/46 MP: 0/12
  5477 | D:4      | Found Cyluozeh's Magic Scroll Emporium.
  5480 | D:4      | Bought a scroll of enchant weapon for 105 gold pieces
  7051 | D:4      | Found a staircase to the Ecumenical Temple.
  7053 | D:4      | Noticed Blork the orc
  7062 | D:4      | Killed Blork the orc
  7303 | D:4      | Learned a level 3 spell: Tukima's Dance
  7322 | D:5      | Entered Level 5 of the Dungeon
  7324 | D:5      | Noticed Eustachio
  7338 | D:4      | Slain by a gnoll

Skill      XL: |  1  2  3  4  5  6  7 |
---------------+----------------------+-----
Hexes          | 5 6 7 8 |  8.9
Stealth        | 5 6 7 |  7.6
Dodging        | 3 4 |  4.6
Spellcasting   | 3 |  3.9
Short Blades   | |  1.1

Action                   |  1- 3 |  4- 6 |  7- 9 || total
-------------------------+-------+-------+-------++-------
Melee: Dagger            |   109 |   193 |   113 ||   415
       Bite              |     7 |    24 |     8 ||    39
 Cast: Ensorcelled Hiber |    11 |     6 |     8 ||    25
       Corona            |     2 |     1 |       ||     3
       Confuse           |       |    12 |    10 ||    22
       Tukima's Dance    |       |       |     3 ||     3
  Use: Potion            |       |     8 |     4 ||    12
       Scroll            |       |     1 |       ||     1
 Stab: Sleeping          |    14 |     9 |    10 ||    33
       Distracted        |     1 |       |       ||     1
       Confused          |       |     5 |     4 ||     9
Armor: Robe              |    22 |    19 |    14 ||    55
Dodge: Dodged            |    60 |    89 |    64 ||   213
